 Dungeon Crawl Stone Soup version 0.31-a0-239-g0a1456f148 (webtiles) character file.

Game seed: 9190856478418047134

114 qw the Shooter (level 4, -1/36 HPs)
             Began as a Minotaur Hexslinger on July 11, 2023.
             Slain by an orc wizard
             ... wielding a +0 dagger
              (4 damage)
             ... on level 3 of the Dungeon.
             The game lasted 00:00:33 (1402 turns).

qw the Shooter (Minotaur Hexslinger)                Turns: 1402, Time: 00:00:34

Health: -1/36      AC:  6    Str: 12    XL:     4   Next: 67%
Magic:  4/4        EV: 11    Int: 10    God:
Gold:   79         SH:  0    Dex: 15    Spells: 4/5 levels left

rFire   . . .        Y - +1 sling
rCold   . . .        (no shield)
rNeg    . . .        k - +0 ring mail
rPois   .            (helmet restricted)
rElec   .            b - +0 cloak
rCorr   .            (no gloves)
SInv    .            (no boots)
Will    .....        (no amulet)
Stlth   +            (no ring)
HPRegen 0.26/turn    (no ring)
MPRegen 0.09/turn

%: no passive effects
@: no status effects
A: horns 2, retaliatory headbutt
a: no special abilities


You were on level 3 of the Dungeon.
You visited 1 branch of the dungeon, and saw 3 of its levels.

You collected 99 gold pieces.
You spent 20 gold pieces at shops.


Innate Abilities, Weirdness & Mutations

You have a pair of horns on your head.
You reflexively headbutt those who attack you in melee.


   Skills:
 + Level 2.0 Fighting
 - Level 5.0 Ranged Weapons
 - Level 1.3 Armour
 - Level 2.1 Dodging
 - Level 1.0 Spellcasting
 - Level 2.0 Hexes


You had 4 spell levels left.
You knew the following spells:

 Your Spells              Type           Power      Damage    Failure   Level
a - Slow                  Hex            16%        N/A       32%         1

Your spell library contained the following spells:

 Spells                   Type           Power      Damage    Failure   Level
 Inner Flame              Hex/Fire       2%         N/A       83%         3
 Portal Projectile        Hex/Tloc       4%         N/A       83%         3
 Cause Fear               Hex            2%         N/A       97%         4

Inventory:

Hand Weapons
 Y - a +1 sling (weapon)
Armour
 b - a +0 cloak (worn)
 c - a +1 pair of gloves
 k - a +0 ring mail (worn)
Scrolls
 i - a scroll of identify
Potions
 a - a potion of enlightenment
 d - a potion of brilliance {unknown}
 g - a potion of attraction {unknown}
 j - a potion of heal wounds

Dungeon Overview and Level Annotations

Branches:
Dungeon (3/15)

Altars:

Shops:
D:1 ?


Message History

You shoot a sling bullet. Something hits you.
You shoot a sling bullet.
You hear some strange, mumbled words.
You are confused.
You shoot a sling bullet. Something hits you but does no damage.
Something hits you.
You shoot a sling bullet. Something hits you.
You shoot a sling bullet. Something hits you.
You shoot a sling bullet. Something hits you.
You shoot a sling bullet.
You feel less confused. Something hits you but does no damage.
Something hits you.
You shoot a sling bullet. Something hits you.
You shoot a sling bullet. Something hits you.
You shoot a sling bullet. Something hits you but does no damage.
Something hits you.
You shoot a sling bullet. Something hits you.
You shoot a sling bullet. Something hits you but does no damage.
You shoot a sling bullet.
You hear some strange, mumbled words.
A magic dart appears from out of thin air!
The magic dart hits you.
You shoot a sling bullet.
You hear some strange, mumbled words.
A magic dart appears from out of thin air!
The magic dart hits you! Something hits you.
You shoot a sling bullet.
You hear some strange, mumbled words.
Something tries to affect you, but you resist.
You shoot a sling bullet. Something hits you.
You die...

.......#.....
.......
.#+#.....#..#
....... ##.#
#.###.#..#
........ ...
#.....#..#
........##..
#........#
..... ...#
##......## ...
..# #........
...#+#.###.#
#........
......{@.'.#
#.#######
....?.)###.##
##.# ......)
#..#
#..#######
##..... #..#
#.........
###... ##.#
#..#######
#...
#.#+#.........
#...
#......#######
#... ##.###.#
#.###.....#


There were no monsters in sight!

Vanquished Creatures
  Jessica (D:2)
  4 adders (D:2)
  3 orcs (D:3)
  2 bats (D:2)
  6 endoplasms
  2 giant cockroaches
  4 goblins
  3 hobgoblins
  4 jackals (D:1)
  3 kobolds
  2 quokkas (D:2)
  5 ball pythons
  6 frilled lizards
  A rat (D:1)
46 creatures vanquished.

Notes
Turn   | Place    | Note
-------+----------+-------------------------------------------
     0 | D:1      | qw the Minotaur Hexslinger began the quest for the Orb.
     0 | D:1      | Reached XP level 1. HP: 16/16 MP: 1/1
     0 | D:1      | 0 ||| qw: Version: 0.3-a-52-g30416fa
     0 | D:1      | 0 ||| qw: Game counter: 5917
     0 | D:1      | 0 ||| qw: Melee chars always use a shield: true
     0 | D:1      | 0 ||| qw: God list: Okawaru
     0 | D:1      | 0 ||| qw: Allow faded altars: false
     0 | D:1      | 0 ||| qw: Do Orc after clearing Dungeon:15 true
     0 | D:1      | 0 ||| qw: Do second Lair branch before Depths: true
     0 | D:1      | 0 ||| qw: Lair rune preference: random
     0 | D:1      | 0 ||| qw: Goals: Normal
     0 | D:1      | 0 ||| PLANNING D:1-11
    35 | D:1      | Reached skill level 3 in Ranged Weapons
    35 | D:1      | Reached XP level 2. HP: 13/23 MP: 2/2
   197 | D:1      | Found Tiluecoff's Magic Scroll Shoppe.
   205 | D:1      | 205 ||| SHOPLISTING 3 scrolls of identify (60 gold, have
                  | 28).
   205 | D:1      | 205 ||| SHOPLISTING scroll of brand weapon (95 gold, have
                  | 28).
   205 | D:1      | 205 ||| BUYING scroll of identify (20 gold).
   205 | D:1      | Bought a scroll of identify for 20 gold pieces
   205 | D:1      | 205 ||| SHOPLISTING scroll of teleportation (30 gold, have
                  | 8).
   452 | D:1      | 452 ||| UPGRADING to +0 ring mail.
   462 | D:1      | 462 ||| DROPPING +0 robe.
   463 | D:1      | 463 ||| DROPPING ring of magical power.
   464 | D:1      | 464 ||| READING scroll labelled FYROAD DEWKIT.
   465 | D:1      | 465 ||| READING scroll labelled LIUHAE JUPNOAGH.
   508 | D:1      | 508 ||| DROPPING scroll of poison.
   605 | D:2      | Noticed Jessica
   610 | D:2      | Killed Jessica
   611 | D:2      | Reached skill level 4 in Ranged Weapons
   611 | D:2      | Reached XP level 3. HP: 16/29 MP: 3/3
   706 | D:2      | Reached skill level 1 in Armour
   726 | D:2      | Reached XP level 4. HP: 27/36 MP: 4/4
  1266 | D:2      | 1266 ||| UPGRADING to +0 cloak.
  1271 | D:2      | 1271 ||| DRINKING 2 fizzy white potions.
  1272 | D:2      | 1272 ||| READING 2 scrolls of identify.
  1272 | D:2      | 1272 ||| IDENTIFYING purple potion
  1380 | D:3      | Reached skill level 5 in Ranged Weapons
  1400 | D:3      | HP: 6/36 [something/magic dart (7)]
  1400 | D:3      | HP: 2/36 [something (4)]
  1402 | D:3      | Slain by an orc wizard

Levels and vault maps discovered:
D:1:      mrwooster_arrival_statue_2, layout_basic, serial_shops,
          nicolae_shop_tiny_waterfront
D:2:      layout_basic, chequers_serial_rivers_large_a, minmay_strange_pillars,
          uniq_jessica
D:3:      minmay_diamond_boxcup, layout_basic,
          mainiacjoe_overflow_surrounded_room, serial_undead, serial_undead_d,
          serial_undead_a, serial_undead_a, serial_undead_f,
          shapermc_ecumenical_altar_pompeii, uniq_ijyb, uniq_grinder

Skill      XL: |  1  2  3  4 |
---------------+-------------+-----
Ranged Weapons | 3 4 5 |  5.0
Fighting       | 2 |  2.0
Armour         | 1 |  1.3
Dodging        | |  2.1
Spellcasting   | |  1.0
Hexes          | |  2.0

Action                     |  1- 3 |  4- 6 || total
---------------------------+-------+-------++-------
   Fire: Sling             |    79 |    64 ||   143
    Use: Scroll            |     2 |     1 ||     3
         Potion            |       |     1 ||     1
 Armour: Robe              |     3 |       ||     3
         Ring mail         |     4 |    20 ||    24
  Dodge: Dodged            |    20 |    13 ||    33

Table legend:
 A = Non-vault XP
 B = Vault XP
 C = Vault XP percentage of total XP
 D = Non-vault monster count
 E = Vault monster count
 F = Vault count percentage of total count
                 A         B        C        D         E       F
            +---------+---------+-------+---------+---------+-------
      Total |     127 |      37 |  22.6 |      45 |       1 |   2.2
            +---------+---------+-------+---------+---------+-------
        D:1 |      30 |       0 |   0.0 |      19 |       0 |   0.0
        D:2 |      88 |      37 |  29.6 |      23 |       1 |   4.2
        D:3 |       9 |       0 |   0.0 |       3 |       0 |   0.0
            +---------+---------+-------+---------+---------+-------
